 Dungeon Crawl Stone Soup version 0.30.2 (webtiles) character file.

Game seed: 16021380047463413405

85 porpoise the Shooter (level 4, 0/38 HPs)
             Began as a Minotaur Hunter on Jan 20, 2024.
             Killed by nerve-wracking pain
             ... invoked by an orc priest
              (10 damage)
             ... on level 3 of the Dungeon.
             The game lasted 00:04:22 (1512 turns).

porpoise the Shooter (Minotaur Hunter)              Turns: 1512, Time: 00:04:22

Health: 0/38       AC:  5    Str: 15    XL:     4   Next: 25%
Magic:  3/3        EV: 11    Int:  6    God:
Gold:   136        SH:  0    Dex: 16    Spells: 1/3 levels left

rFire   . . .        a - +0 shortbow
rCold   . . .        (shield currently unavailable)
rNeg    . . .        q - +0 ring mail
rPois   .            (helmet restricted)
rElec   .            (no cloak)
rCorr   .            (no gloves)
SInv    .            (no boots)
Will    .....        (no amulet)
Stlth   +            (no ring)
HPRegen 0.26/turn    (no ring)
MPRegen 0.08/turn

%: no passive effects
@: no status effects
A: horns 2, retaliatory headbutt
a: no special abilities


You were on level 3 of the Dungeon.
You visited 1 branch of the dungeon, and saw 3 of its levels.

You collected 136 gold pieces.

Inventory:

Hand Weapons
 a - a +0 shortbow (weapon)
Missiles
 p - 5 poisoned darts
Armour
 q - a +0 ring mail (worn)
Scrolls
 b - a scroll of immolation
 e - a scroll of teleportation
 f - a scroll of magic mapping {unknown}
 g - a scroll of noise {unknown}
 j - 2 scrolls of poison {unknown}
 m - a scroll of enchant weapon {unknown}
 o - a scroll of fog {unknown}
Potions
 d - a potion of heal wounds
 h - a potion of experience {unknown}
 k - 2 potions of resistance
 l - a potion of magic {unknown}
 n - 3 potions of attraction


   Skills:
 + Level 3.5 Fighting
 * Level 5.7 Ranged Weapons
 * Level 1.2 Armour
 - Level 2.1 Dodging
 - Level 0.7 Stealth


You had one spell level left.
You knew the following spells:

 Your Spells              Type           Power      Damage    Failure   Level
a - Wereblood             Tmut           0%         N/A       82%         2

Your spell library contained the following spells:

 Spells                   Type           Power      Damage    Failure   Level
 Sandblast                Erth           0%         2d4       67%         1
 Slow                     Hex            0%         N/A       67%         1
 Passwall                 Tmut/Erth      0%         N/A       82%         2
 Sublimation of Blood     Necr           0%         N/A       82%         2
 Confusing Touch          Hex            0%         N/A       96%         3
 Stone Arrow              Conj/Erth      0%         3d7       96%         3
 Vampiric Draining        Necr           0%         2d6       96%         3
 Summon Hydra             Summ           0%         N/A       100%        7


Dungeon Overview and Level Annotations

Branches:
Dungeon (3/15)

Altars:


Innate Abilities, Weirdness & Mutations

You have a pair of horns on your head.
You reflexively headbutt those who attack you in melee.


Message History

You shoot an arrow. The arrow closely misses the orc.
The orc priest shouts!
You shoot an arrow. The arrow hits the orc.
You kill the orc!
You shoot an arrow. The arrow barely misses the orc priest.
The orc priest calls down the wrath of Beogh upon you.
Beogh smites you!
An orc comes into view. It is wielding a +0 mace.
You shoot an arrow. The arrow hits the orc!
The orc is almost dead.
The orc hits you but does no damage.
You shoot an arrow.
The arrow hits the orc but does no damage.
The orc is almost dead.
The orc barely misses you.
You shoot an arrow. The arrow hits the orc!
You kill the orc!
The orc priest barely misses you.
You shoot an arrow. The arrow hits the orc priest!
The orc priest is heavily wounded.
The orc priest looks satisfied for a moment.
You shoot an arrow.
The arrow hits the orc priest but does no damage.
The orc priest is heavily wounded.
The orc priest invokes the aid of Beogh against you.
Pain shoots through your body!
You are too injured to fight recklessly!
You are too injured to fight recklessly!
You are too injured to fight recklessly!
Unknown command.
You are too injured to fight recklessly!
You shoot an arrow. The arrow hits the orc priest.
The orc priest is severely wounded.
The orc priest mumbles some strange prayers to Beogh against you.
Beogh smites you!
* * * LOW HITPOINT WARNING * * *
The orc closely misses you. The orc hits you but does no damage.
The orc priest mumbles some strange prayers to Beogh against you.
Pain shoots through your body!
You die...

## .. #########.###
#########.........#.
†..................
#########.####.#..# .#
#..†.<.....#..# .#
#.########.#@o#.###
#..........o<)....
#######.########.######.
...................
#######.########.###
....#.............
....#...).######.#
....#..........#.#
....'......###. ..


You could see an orc priest and an orc.

Vanquished Creatures
  A gnoll (D:1)
  An adder (D:3)
  A worm (D:2)
  2 dart slugs
  3 orcs (D:3)
  7 bats
  5 endoplasms
  4 giant cockroaches
  6 goblins
  4 hobgoblins
  3 kobolds
  A quokka (D:1)
  10 ball pythons
  3 frilled lizards
  3 rats
54 creatures vanquished.

Notes
Turn   | Place    | Note
-------+----------+-------------------------------------------
     0 | D:1      | porpoise the Minotaur Hunter began the quest for the Orb.
     0 | D:1      | Reached XP level 1. HP: 18/18 MP: 0/0
   195 | D:1      | Reached XP level 2. HP: 25/25 MP: 1/1
   242 | D:1      | Reached skill level 5 in Ranged Weapons
   259 | D:1      | Reached XP level 3. HP: 28/31 MP: 2/2
  1220 | D:3      | Reached XP level 4. HP: 38/38 MP: 3/3
  1264 | D:3      | Learned a level 2 spell: Wereblood
  1390 | D:3      | Reached skill level 1 in Armour
  1512 | D:3      | Killed from afar by an orc priest

Illustrated notes

Levels and vault maps discovered:
D:1:      dpeg_arrival_solitude, layout_rooms
D:2:      layout_basic
D:3:      minmay_door_path, layout_basic, nicolae_hepliaklqana_hippocampus

Skill      XL: |  1  2  3  4 |
---------------+-------------+-----
Fighting       | 3 |  3.5
Ranged Weapons | 5 |  5.7
Armour         | 1 |  1.2
Dodging        | |  2.1
Stealth        | |  0.7

Action                     |  1- 3 |  4- 6 || total
---------------------------+-------+-------++-------
   Fire: Shortbow          |    99 |    35 ||   134
    Use: Scroll            |       |     4 ||     4
 Armour: Leather armour    |    16 |       ||    16
         Ring mail         |     2 |     4 ||     6
  Dodge: Dodged            |    24 |     5 ||    29
